 Dungeon Crawl Stone Soup version 0.19.4-12-gccf7e64 (webtiles) character file.

581 Mesmaeker13 the Agent of Entropy (level 7, 0/55 HPs)
             Began as a Demonspawn Abyssal Knight on Feb 27, 2017.
             Was a Priest of Lugonu.
             Slain by an ogre
             ... wielding a +0 giant club
              (7 damage)
             ... on level 4 of the Dungeon.
             The game lasted 00:10:03 (3764 turns).

Mesmaeker13 the Agent of Entropy (DsAK)             Turns: 3764, Time: 00:10:04

Health: 0/55       AC:  8    Str: 14    XL:     7   Next: 14%
Magic:  11/11      EV:  9    Int: 13    God:    Lugonu [***...]
Gold:   213        SH:  0    Dex: 13    Spells: 0 memorised, 6 levels left

rFire  . . .     SeeInvis .     a - +2 mace
rCold  . . .     Gourm    .     l - +0 scale mail
rNeg   . . .     Faith    +     (no shield)
rPois  .         Spirit   .     (helmet restricted)
rElec  .         Reflect  .     (no cloak)
rCorr  .         Harm     .     j - +0 pair of gloves
MR     .....                    (no boots)
Stlth  ..........               n - amulet of faith
                                (no ring)
                                (no ring)

@: no status effects
A: horns 2, spiny 1
a: Depart the Abyss, Bend Space, Banish, Renounce Religion


You were on level 4 of the Dungeon.
You worshipped Lugonu.
Lugonu was most pleased with you.
You were not hungry.

You visited 1 branch of the dungeon, and saw 4 of its levels.
You visited the Abyss 1 time.

You collected 213 gold pieces.

Inventory:

Hand Weapons
 a - a +2 mace (weapon)
 t - a +0 whip of electrocution
Missiles
 g - 2 silver javelins (quivered)
Armour
 f - a +0 chain mail
 j - a +0 pair of gloves (worn)
 l - a +0 scale mail (worn)
Jewellery
 n - an amulet of faith (around neck)
 s - an uncursed ring of positive energy {unknown}
 w - an uncursed ring of resist corrosion {unknown}
Scrolls
 h - 2 scrolls of remove curse
 m - 3 scrolls of amnesia
 q - a scroll of magic mapping
 r - a scroll of enchant armour
 y - a scroll of identify
Potions
 d - a potion of berserk rage {unknown}
 e - a potion of flight
 i - a potion of haste {unknown}
 k - a potion of might {unknown}
 p - a potion of curing {unknown}
 x - a potion of mutation {unknown}
 A - a potion of degeneration {unknown}
 B - a potion of heal wounds {unknown}
Books
 v - a book of Minor Magic

   Spells                             Type                      Level
   a - Magic Dart                     Conjuration                  1
   b - Blink                          Translocation                2
   c - Call Imp                       Summoning                    2
   d - Repel Missiles                 Charms/Air                   2
   e - Slow                           Hexes                        2
   f - Conjure Flame                  Conjuration/Fire             3
   g - Mephitic Cloud                 Conjuration/Poison/Air       3
Comestibles
 b - a slice of pizza
 c - 5 bread rations
 o - 2 beef jerkies
 u - a meat ration
 z - 3 chunks of flesh


   Skills:
 + Level 4.7 Fighting
 + Level 3.8 Maces & Flails
 + Level 3.8 Armour
 - Level 0.8 Dodging
 + Level 5.6 Invocations


You had 6 spell levels left.
You didn't know any spells.

Dungeon Overview and Level Annotations

Branches:
Dungeon (4/15)
 Temple: D:4-7

Altars:
Dithmenos
Gozag
Qazlal
Trog


Innate Abilities, Weirdness & Mutations

You have a pair of horns on your head.
You are partially covered in sharp spines.


Message History

An ogre comes into view. It is wielding a giant club.
The ogre shouts!
The ogre hits you with a giant club! The ogre hits you but does no damage.
There is a stone staircase leading up, spattered with blood here.
You barely miss the ogre. You hit the ogre.
The ogre is lightly wounded.
The ogre hits you with a giant club!!
You barely miss the ogre.
The ogre is lightly wounded.
The ogre hits you with a giant club!!
* * * LOW HITPOINT WARNING * * *
You are too injured to fight recklessly!
You are too injured to fight recklessly!
You are too injured to fight recklessly!
You are too injured to fight recklessly!
You sock the ogre! You headbutt the ogre.
The ogre is moderately wounded.
The ogre hits you with a giant club!
You die...

#..#
#..#
#..#
#..#
#..#
#..#
#..#
+.@#
#O.#
####


You could see an ogre.

Vanquished Creatures
  Menkaure (D:4)
  A phantom (D:4)
  A centaur zombie (D:4)
  4 orc priests (D:3)
  4 gnolls (D:2)
  7 adders
  5 worms (D:3)
  4 dart slugs
  3 leopard geckos
  10 orcs (D:3)
  A ball python (D:3)
  8 bats
  5 giant cockroaches
  2 goblins (D:3)
  11 hobgoblins
  4 jackals (D:4)
  5 frilled lizards
  11 kobolds
  8 rats
95 creatures vanquished.

Notes
Turn   | Place    | Note
-------+----------+-------------------------------------------
     0 | Abyss:1  | Mesmaeker13 the Demonspawn Abyssal Knight began the quest for the Orb.
     0 | Abyss:1  | Reached XP level 1. HP: 18/18 MP: 2/2
    73 | Abyss:1  | Noticed a hungry ghost
    74 | D:1      | Escaped the Abyss
   439 | D:1      | Reached * piety under Lugonu
   606 | D:1      | Gained mutation: You are partially covered in sharp spines. [demonic ancestry]
   606 | D:1      | Reached XP level 2. HP: 24/24 MP: 3/3
   982 | D:2      | Found a bloodstained altar of Trog.
  1089 | D:2      | Gained mutation: You have a pair of small horns on your head. [demonic ancestry]
  1089 | D:2      | Reached XP level 3. HP: 29/29 MP: 5/5
  1351 | D:2      | Reached skill level 3 in Invocations
  1535 | D:2      | Reached XP level 4. HP: 30/36 MP: 6/6
  1692 | D:2      | Reached ** piety under Lugonu
  2001 | D:3      | Reached skill level 4 in Invocations
  2001 | D:3      | Reached XP level 5. HP: 39/42 MP: 6/8
  2485 | D:3      | Found an opulent altar of Gozag.
  2600 | D:3      | Reached XP level 6. HP: 36/48 MP: 9/9
  2827 | D:3      | Reached *** piety under Lugonu
  2997 | D:4      | Reached skill level 5 in Invocations
  3102 | D:4      | Noticed Menkaure
  3114 | D:4      | Killed Menkaure
  3114 | D:4      | Gained mutation: You have a pair of horns on your head. [demonic ancestry]
  3114 | D:4      | Reached XP level 7. HP: 13/55 MP: 9/11
  3378 | D:3      | Noticed a water elemental
  3380 | D:3      | Found a stormy altar of Qazlal.
  3381 | D:3      | Noticed an air elemental
  3381 | D:3      | Noticed a fire elemental
  3451 | D:3      | Found a shadowy altar of Dithmenos.
  3764 | D:4      | Slain by an ogre

Skill      XL: |  1  2  3  4  5  6 |
---------------+-------------------+-----
Armour         | 2 3 |  3.8
Maces & Flails | 2 3 |  3.8
Invocations    | 3 4 5 |  5.6
Fighting       | 4 |  4.7
Dodging        | |  0.8

Action                   |  1- 3 |  4- 6 |  7- 9 || total
-------------------------+-------+-------+-------++-------
Melee: Whip              |    88 |       |       ||    88
       Mace              |    13 |   100 |    23 ||   136
       Headbutt          |     2 |     9 |     3 ||    14
Throw: Javelin           |     4 |     7 |       ||    11
Invok: Depart the Abyss  |     1 |       |       ||     1
       Bend Space        |       |     1 |       ||     1
  Use: Scroll            |     9 |       |       ||     9
       Potion            |     1 |     2 |       ||     3
  Eat: Chunk             |     2 |     5 |     2 ||     9
Armor: Leather armour    |     9 |       |       ||     9
       Scale mail        |    31 |    29 |     8 ||    68
Dodge: Dodged            |    49 |    42 |     6 ||    97
